[Event "December 12 Late 2023"]
[Site "https://www.chess.com"]
[Date "2023.12.12"]
[Round "1"]
[White "Rastbod, Ali"]
[Black "Hoffmann, Asa"]
[Result "1-0"]
[Board "69"]
[TimeControl "180+1"]
[WhiteFideId "12567477"]
[BlackFideId "2001470"]
[WhiteElo "2746"]
[BlackElo "2397"]
[WhiteTeam "IRI"]
[BlackTeam "USA"]
[WhiteClock "0:00:09"]
[BlackClock "0:00:04"]

1. Nf3 d6 2. g3 c6 3. Bg2 e5 4. O-O Nf6 5. d4 e4 6. Ng5 d5 7. c4 h6 8. Nh3 g5 9. f3 Bg7 10. cxd5 cxd5 11. Nc3 Nc6 12. fxe4 Nxe4 13. Nxe4 dxe4 14. e3 O-O 15. Nf2 f5 16. g4 Qe7 17. gxf5 Bxf5 18. b4 Kh8 19. a3 Rad8 20. Qe2 a6 21. Bb2 Qe6 22. Rfe1 Rfe8 23. Rac1 Ne7 24. Rc5 Nd5 25. Rec1 Bg6 26. R1c2 Rd6 27. Bc1 b6 28. R5c4 Rf8 29. Bd2 Qe7 30. Rc8 Rf6 31. Rxf8+ Qxf8 32. Nxe4 Re6 33. Nf2 Bxc2 34. Bxd5 Rd6 35. Bg2 Bg6 36. Qxa6 Qd8 37. Qe2 Qe8 38. Qc4 Re6 39. e4 Rc6 40. Qd3 Rd6 41. d5 Qe5 42. Be3 Qa1+ 43. Bf1 Qc3 44. Qxc3 Bxc3 45. Bd3 Be5 46. Ng4 Bg7 47. e5 Rxd5 48. Bxg6 Rd1+ 49. Kg2 Ra1 50. e6 Rxa3 51. e7 Ra8 52. e8=Q+ Rxe8 53. Bxe8 Bc3 54. b5 Kg7 55. Bxb6 h5 56. Ne3 Bd4 57. Nf5+ Kf6 58. Nxd4 Ke5 59. Nf3+ Kf4 60. Nxg5 Kxg5 61. Bxh5 Kxh5 62. Bg1 1-0

[Event "December 12 Late 2023"]
[Site "https://www.chess.com"]
[Date "2023.12.12"]
[Round "1"]
[White "Haszon, David"]
[Black "Adewumi, Tanitoluwa"]
[Result "0-1"]
[Board "70"]
[TimeControl "180+1"]
[WhiteFideId "733610"]
[BlackFideId "30966396"]
[WhiteElo "2396"]
[BlackElo "2743"]
[WhiteTeam "HUN"]
[BlackTeam "USA"]
[WhiteClock "0:00:01"]
[BlackClock "0:00:14"]

1. d4 Nf6 2. Bf4 e6 3. e3 d5 4. Nd2 Bd6 5. Ngf3 O-O 6. c3 c5 7. Bg3 Qc7 8. Rc1 Nc6 9. dxc5 Bxg3 10. hxg3 a5 11. c4 Rd8 12. Qc2 d4 13. e4 d3 14. Qb1 Nb4 15. a3 Nc2+ 16. Rxc2 dxc2 17. Qxc2 e5 18. Qc3 Ng4 19. Be2 Qxc5 20. O-O Be6 21. b4 axb4 22. axb4 Qc7 23. c5 Rac8 24. Ng5 Bd7 25. Bc4 Be8 26. Nb3 h6 27. Nf3 b6 28. Bd5 Nf6 29. Rd1 Nxe4 30. Qe3 Nf6 31. Nxe5 Rxd5 32. Rxd5 Nxd5 33. cxb6 Nxe3 34. bxc7 Nd5 35. Nc5 Rxc7 36. Nc4 Nxb4 0-1

[Event "December 12 Late 2023"]
[Site "https://www.chess.com"]
[Date "2023.12.12"]
[Round "1"]
[White "Zou, Chen"]
[Black "Kostiukov, Alexandr"]
[Result "1-0"]
[Board "71"]
[TimeControl "180+1"]
[WhiteFideId "8610959"]
[BlackFideId "14108100"]
[WhiteElo "2742"]
[BlackElo "2391"]
[WhiteTeam "CHN"]
[BlackTeam "UKR"]
[WhiteClock "0:00:08"]
[BlackClock "0:00:15"]

1. Nf3 c5 2. e3 g6 3. c4 Bg7 4. Nc3 Nf6 5. d4 O-O 6. d5 d6 7. h3 e6 8. Bd3 exd5 9. cxd5 Re8 10. O-O a6 11. a4 Qc7 12. Re1 c4 13. Bc2 Nbd7 14. a5 Rb8 15. e4 b5 16. axb6 Rxb6 17. Ra2 Qb8 18. Na4 Rb4 19. Bd2 Rb5 20. Nd4 Nc5 21. Nxb5 Nxa4 22. Nxd6 Nxb2 23. Rxb2 Qxd6 24. Rb1 Nd7 25. Bb4 Qe5 26. Re3 Bh6 27. Bc3 Qc7 28. Re1 f6 29. Ba4 Rd8 30. Bxd7 Bxd7 31. Bxf6 Rf8 32. e5 c3 33. Rc1 Bf5 34. d6 Qc4 35. d7 Bxc1 36. d8=Q Rxd8 37. Qxd8+ Kf7 38. Qe7+ 1-0

[Event "December 12 Late 2023"]
[Site "https://www.chess.com"]
[Date "2023.12.12"]
[Round "1"]
[White "Olsson, William"]
[Black "Fier, Alexandr"]
[Result "1-0"]
[Board "72"]
[TimeControl "180+1"]
[WhiteFideId "1741721"]
[BlackFideId "2107139"]
[WhiteElo "2390"]
[BlackElo "2738"]
[WhiteTeam "SWE"]
[BlackTeam "BRA"]
[WhiteClock "0:00:29"]
[BlackClock "0:00:36"]

1. c4 Nf6 2. g3 g6 3. Bg2 Bg7 4. Nc3 O-O 5. d4 d6 6. Nf3 Nc6 7. O-O Rb8 8. d5 Na5 9. b3 c5 10. Bb2 a6 11. a4 Bd7 12. Qc2 b5 13. axb5 axb5 14. Nd2 bxc4 15. bxc4 Bf5 16. e4 Bc8 17. Nd1 Qc7 18. Bc3 Nb7 19. f4 e6 20. Ne3 exd5 21. Nxd5 Nxd5 22. cxd5 Bxc3 23. Qxc3 Bd7 24. e5 Rbe8 25. Ne4 f5 26. Nf6+ Rxf6 27. exf6 Nd8 28. Rfe1 Rf8 29. Re7 Rf7 30. Rae1 c4 31. Qd4 c3 32. Rc1 c2 33. Bf1 Rxe7 34. fxe7 Nf7 35. Bd3 Be8 36. Qe3 Qa5 37. Rxc2 Qa8 38. Qe6 Kg7 39. Rc8 Qa1+ 40. Kg2 Qb2+ 41. Kh3 Qd4 42. Rxe8 Qxd3 43. Rg8+ Kh6 44. Qxf7 Qf1+ 45. Kh4 Qh3+ 46. Kxh3 1-0

[Event "December 12 Late 2023"]
[Site "https://www.chess.com"]
[Date "2023.12.12"]
[Round "1"]
[White "Shuvalova, Polina"]
[Black "Topalov, Aleksandar"]
[Result "1/2-1/2"]
[Board "73"]
[TimeControl "180+1"]
[WhiteFideId "24171760"]
[BlackFideId "925659"]
[WhiteElo "2737"]
[BlackElo "2389"]
[WhiteTeam "RUS"]
[BlackTeam "SRB"]
[WhiteClock "0:00:04"]
[BlackClock "0:00:06"]

1. e4 e6 2. d4 d5 3. Nd2 Nf6 4. e5 Ng8 5. f4 h5 6. Ndf3 g6 7. Bd3 Qd7 8. Ne2 b6 9. O-O Ba6 10. b3 Bxd3 11. Qxd3 Nh6 12. c4 c6 13. Be3 Be7 14. a4 a5 15. Rfc1 Na6 16. h3 h4 17. Bf2 Nf5 18. cxd5 Qxd5 19. Nc3 Qd7 20. Ne4 Nb4 21. Qe2 Kf8 22. Kh2 Kg7 23. Rd1 Qd5 24. Rab1 Rad8 25. Nc3 Qd7 26. Be1 Nd5 27. Nxd5 cxd5 28. Rbc1 Rc8 29. Qb5 Qxb5 30. axb5 Ne3 31. Rxc8 Rxc8 32. Rd3 Nf5 33. Rc3 Rxc3 34. Bxc3 Ba3 35. Ng1 Bc1 36. Ne2 Be3 37. g4 hxg3+ 38. Kg2 Kh6 39. Be1 Bxd4 40. Bxg3 Bc5 41. Bf2 Bxf2 42. Kxf2 g5 43. Kf3 Kh5 44. fxg5 Kxg5 45. Kf2 Kh4 46. Kg2 Kg5 47. Kf3 Nh4+ 48. Ke3 Nf5+ 49. Kf3 Kh4 50. Kg2 Ne3+ 51. Kf3 Nc2 52. Kf4 Kxh3 53. Kg5 d4 54. Kf6 d3 55. Nf4+ Kg4 56. Nxd3 Kf3 57. Kxf7 Ke4 58. Nb2 Kxe5 59. Nc4+ Kd5 60. Nxb6+ Kc5 61. Nc4 Kxb5 62. Kxe6 Nd4+ 63. Kd5 Nxb3 64. Nxa5 1/2-1/2

[Event "December 12 Late 2023"]
[Site "https://www.chess.com"]
[Date "2023.12.12"]
[Round "1"]
[White "Skaric, Djuro"]
[Black "Bolourchifard, Farzad"]
[Result "0-1"]
[Board "74"]
[TimeControl "180+1"]
[WhiteFideId "934569"]
[BlackFideId "12510084"]
[WhiteElo "2384"]
[BlackElo "2730"]
[WhiteTeam "SRB"]
[BlackTeam "IRI"]
[WhiteClock "0:00:05"]
[BlackClock "0:00:10"]

1. g3 d5 2. Bg2 Nf6 3. d3 Bf5 4. Nf3 e6 5. h3 h6 6. O-O Be7 7. Nc3 c6 8. Nd4 Bh7 9. e4 O-O 10. Kh2 c5 11. Nb3 Nc6 12. f4 dxe4 13. Nxe4 Nxe4 14. dxe4 e5 15. Be3 exf4 16. gxf4 b6 17. c3 Qc7 18. Qf3 Rad8 19. e5 Rd3 20. Rad1 c4 21. Qxc6 Qxc6 22. Bxc6 cxb3 23. Rxd3 Bxd3 24. Ra1 Rc8 25. Bd5 bxa2 26. Rxa2 Rc7 27. Ra1 Bf5 28. Rg1 g6 29. Bd4 Kh7 30. Kg3 Be6 31. Bxe6 fxe6 32. b4 Kg7 33. Kf3 Kf7 34. Ke4 Rb7 35. Ra1 Rd7 36. Ra6 Bd8 37. c4 Be7 38. b5 Rc7 39. Ra4 g5 40. fxg5 hxg5 41. Be3 Kg6 42. Kd3 Bd8 43. Ke4 Rh7 44. Bf2 Rd7 45. Bd4 Be7 46. Bf2 Bf8 47. Bd4 Rh7 48. Bf2 Kh5 49. c5 Rf7 50. Be3 Bxc5 51. Ra3 Bxa3 52. Kd3 Bc5 53. Bd2 Rf3+ 54. Ke4 Rxh3 0-1

[Event "December 12 Late 2023"]
[Site "https://www.chess.com"]
[Date "2023.12.12"]
[Round "1"]
[White "Onyshchuk, Volodymyr"]
[Black "Semenenko, Dmytry"]
[Result "1-0"]
[Board "75"]
[TimeControl "180+1"]
[WhiteFideId "14114038"]
[BlackFideId "14118645"]
[WhiteElo "2729"]
[BlackElo "2382"]
[WhiteTeam "UKR"]
[BlackTeam "UKR"]
[WhiteClock "0:00:15"]
[BlackClock "0:00:00"]

1. e4 Nf6 2. e5 Nd5 3. d4 d6 4. Nf3 Bg4 5. Be2 c6 6. exd6 exd6 7. O-O Be7 8. h3 Bh5 9. c4 Nb6 10. b3 O-O 11. Be3 N8d7 12. Nbd2 Nf6 13. Qc2 Rc8 14. Bd3 Bg6 15. Rfe1 Re8 16. Re2 Qd7 17. Rae1 Bf8 18. Bg5 Rxe2 19. Rxe2 Ne8 20. Nh4 Nc7 21. Nxg6 hxg6 22. Nf3 Ne6 23. Bc1 Re8 24. g3 Nc7 25. Kg2 a5 26. Rxe8 Nxe8 27. Bd2 a4 28. bxa4 c5 29. a5 Nc8 30. Qb3 Nf6 31. Qb5 Qc7 32. a6 bxa6 33. Qxa6 cxd4 34. Nxd4 Ne7 35. Nb5 Qc5 36. Be3 Qe5 37. Qxd6 Qb2 38. Qa3 Qa1 39. Qb3 Nf5 40. Bxf5 gxf5 41. c5 Qe5 42. Qc4 Ne4 43. c6 Bd6 44. c7 Bxc7 45. Nxc7 1-0

[Event "December 12 Late 2023"]
[Site "https://www.chess.com"]
[Date "2023.12.12"]
[Round "1"]
[White "Akhayan, Ruben"]
[Black "Cardoso Cardoso, Jose Gabriel"]
[Result "0-1"]
[Board "76"]
[TimeControl "180+1"]
[WhiteFideId "204439"]
[BlackFideId "4430492"]
[WhiteElo "2381"]
[BlackElo "2722"]
[WhiteTeam "BEL"]
[BlackTeam "COL"]
[WhiteClock "0:00:18"]
[BlackClock "0:01:45"]

1. e4 g6 2. d4 Bg7 3. Nc3 d6 4. Be3 a6 5. Qd2 b5 6. a3 Bb7 7. Bd3 Nd7 8. Nf3 c5 9. dxc5 dxc5 10. O-O c4 11. Be2 Ngf6 12. e5 Ng4 13. e6 fxe6 14. Ng5 Nxe3 15. Nxe6 Nxf1 16. Bxf1 Qb6 17. Nd5 Qd6 18. Nxg7+ Kf7 19. Re1 Bxd5 0-1

[Event "December 12 Late 2023"]
[Site "https://www.chess.com"]
[Date "2023.12.12"]
[Round "1"]
[White "Pakleza, Zbigniew"]
[Black "Balla, Tamas-Kristof"]
[Result "1-0"]
[Board "77"]
[TimeControl "180+1"]
[WhiteFideId "1119290"]
[BlackFideId "1208497"]
[WhiteElo "2718"]
[BlackElo "2380"]
[WhiteTeam "POL"]
[BlackTeam "ROU"]
[WhiteClock "0:00:03"]
[BlackClock "0:00:26"]

1. d4 d5 2. Bf4 Nf6 3. e3 e6 4. Nd2 Bd6 5. Bg3 O-O 6. Ngf3 b6 7. c3 c5 8. Ne5 Qc7 9. f4 Nfd7 10. Be2 Ba6 11. Bxa6 Nxa6 12. O-O f6 13. Nef3 Rae8 14. Qb3 Nab8 15. c4 dxc4 16. Nxc4 Kh8 17. Rfd1 cxd4 18. Nxd6 Qxd6 19. Rxd4 Qe7 20. Rad1 Nc5 21. Qa3 Nc6 22. Rd6 Qc7 23. b4 Ne4 24. Rd7 Qc8 25. Be1 Rd8 26. b5 Na5 27. Qe7 Rxd7 28. Rxd7 Rg8 29. h3 Qc1 30. Kh2 Qxe3 31. Bg3 Nxg3 32. Kxg3 h6 33. Rxa7 e5 34. fxe5 fxe5 35. Qxe5 Qa3 36. Ra6 Qxa2 37. Rxb6 Nc4 38. Rxh6# 1-0

[Event "December 12 Late 2023"]
[Site "https://www.chess.com"]
[Date "2023.12.12"]
[Round "1"]
[White "NovakRatko"]
[Black "Apoorv Kamble"]
[Result "1-0"]
[Board "78"]
[TimeControl "180+1"]
[BlackFideId "25683012"]
[WhiteElo "2375"]
[BlackElo "2710"]
[BlackTeam "IND"]
[WhiteClock "0:01:51"]
[BlackClock "0:01:14"]

1. d4 Nf6 2. c4 e6 3. a3 d5 4. Nc3 Be7 5. f3 O-O 6. e4 dxe4 7. fxe4 e5 8. d5 c6 9. Nf3 cxd5 10. cxd5 Bd6 11. Bg5 a6 12. Qd2 Nbd7 13. Bd3 Nc5 14. Bc2 Bg4 15. b4 Bxf3 16. bxc5 Bxc5 17. gxf3 Bd4 18. Rc1 Rc8 19. Bd3 Qb6 20. Ne2 Bf2+ 21. Kf1 Rxc1+ 22. Qxc1 Nd7 23. Qb1 Qa7 24. Kg2 h6 25. Rf1 Bc5 26. Bd2 Bxa3 27. Bb4 Bxb4 28. Qxb4 Rc8 29. Qe7 b5 30. Ng3 Rc3 31. Be2 Rc2 32. Rf2 b4 33. Nf5 b3 34. Qe8+ Nf8 35. Ne7+ Kh7 36. Qxf8 h5 37. Qg8+ Kh6 38. Nf5+ Kg5 39. Qxg7+ Kf4 40. Qg3# 1-0

[Event "December 12 Late 2023"]
[Site "https://www.chess.com"]
[Date "2023.12.12"]
[Round "1"]
[White "Timmermans, Mark"]
[Black "Buenafe Moya, Javier"]
[Result "1-0"]
[Board "79"]
[TimeControl "180+1"]
[WhiteFideId "1026399"]
[BlackFideId "2206412"]
[WhiteElo "2707"]
[BlackElo "2375"]
[WhiteTeam "NED"]
[BlackTeam "ESP"]
[WhiteClock "0:02:26"]
[BlackClock "0:01:24"]

1. b4 e5 2. Bb2 Bxb4 3. Bxe5 Nf6 4. Nc3 O-O 5. Bxf6 Qxf6 6. Nd5 Qd6 7. c4 c6 8. Nxb4 Qxb4 9. e3 d5 10. cxd5 cxd5 11. Nf3 Bg4 12. Bd3 Nc6 13. Rb1 Qe7 14. O-O d4 15. h3 Bh5 16. Be2 dxe3 17. dxe3 Rfd8 18. Qb3 Na5 19. Qb5 Bxf3 20. Bxf3 Nc6 21. Qxb7 Qxb7 22. Rxb7 Ne5 23. Be4 a5 24. Rb5 1-0

[Event "December 12 Late 2023"]
[Site "https://www.chess.com"]
[Date "2023.12.12"]
[Round "1"]
[White "Mesquita, Eduardo Barbosa"]
[Black "Sai Krishna G V"]
[Result "1/2-1/2"]
[Board "80"]
[TimeControl "180+1"]
[WhiteFideId "22757163"]
[BlackFideId "5028280"]
[WhiteElo "2374"]
[BlackElo "2707"]
[WhiteTeam "BRA"]
[BlackTeam "IND"]
[WhiteClock "0:01:44"]
[BlackClock "0:01:25"]

1. e4 c5 2. Nf3 d6 3. d4 cxd4 4. Nxd4 Nf6 5. Nc3 a6 6. f3 e5 7. Nb3 Be6 8. Be3 Nbd7 9. Qd2 Qc7 10. O-O-O Rc8 11. g4 h6 12. Kb1 b5 13. Nd5 Bxd5 14. exd5 Nb6 15. Bxb6 Qxb6 16. Na5 Be7 17. Nc6 Nxd5 18. Nxe7 Nxe7 19. Qxd6 Qxd6 20. Rxd6 Rd8 21. Rxd8+ Kxd8 22. a4 bxa4 23. Bxa6 Kc7 24. Rd1 Nc6 25. Bb5 Nd4 26. Bxa4 h5 27. f4 hxg4 28. fxe5 Nf3 29. Rd7+ Kb6 30. Rxf7 Nxe5 31. Rxg7 Rxh2 32. b4 Rg2 33. Kb2 g3 34. Kb3 Rg1 35. c4 Rb1+ 36. Kc2 Rxb4 37. Bb3 Nxc4 38. Bxc4 Rxc4+ 39. Kd2 Kc5 40. Rxg3 Rd4+ 41. Rd3 Rxd3+ 42. Kxd3 1/2-1/2

[Event "December 12 Late 2023"]
[Site "https://www.chess.com"]
[Date "2023.12.12"]
[Round "1"]
[White "Thomforde-Toates, Noah"]
[Black "Haraguchi, Diego Sashaki"]
[Result "0-1"]
[Board "81"]
[TimeControl "180+1"]
[WhiteFideId "30951992"]
[BlackFideId "22729925"]
[WhiteElo "2706"]
[BlackElo "2371"]
[WhiteTeam "USA"]
[BlackTeam "BRA"]
[WhiteClock "0:00:19"]
[BlackClock "0:00:21"]

1. d4 Nf6 2. Nc3 d5 3. Bf4 e6 4. e3 Bb4 5. Bd3 c5 6. dxc5 Qa5 7. Ne2 Nbd7 8. a3 Bxc3+ 9. Nxc3 e5 10. b4 Qd8 11. Bg3 O-O 12. O-O Re8 13. Bb5 a6 14. Ba4 b5 15. cxb6 Bb7 16. Bh4 Re6 17. Ne2 Nxb6 18. Bb3 Qc7 19. Ng3 Nc4 20. Nf5 Ne4 21. Qg4 Rg6 22. Qh5 Re8 23. Rad1 Ncd2 24. Ba4 Ree6 25. Rfe1 Nc4 26. Bb3 Ncd2 27. f3 Nxb3 28. fxe4 Qxc2 29. Qe2 Qxe4 30. Ne7+ Rxe7 31. Bxe7 d4 32. Kf1 Rxg2 33. exd4 Rxe2 34. Rxe2 Qh1+ 35. Kf2 Qxd1 36. dxe5 Qd4+ 37. Kf1 Qf4+ 38. Ke1 Nd4 39. Rd2 Nf3+ 40. Kf2 Qxd2+ 41. Kg3 Qxh2+ 42. Kg4 h5+ 43. Kf5 Bc8+ 44. Ke4 Ng5+ 45. Bxg5 Qe2+ 46. Be3 Bb7+ 47. Kd4 Qf3 48. Bd2 Qe4+ 49. Kc5 Qxe5+ 50. Kb6 Qb5+ 51. Ka7 Qd7 52. Kb6 Qxd2 53. Kxb7 Qc3 54. Kxa6 Qxa3+ 55. Kb5 Qa7 56. Kc4 Qb8 57. b5 g5 58. Kb4 g4 59. b6 h4 60. b7 h3 61. Kc4 h2 62. Kd4 h1=Q 63. Kd3 Qhxb7 64. Ke3 Qe5+ 65. Kf2 Qf3+ 66. Kg1 Qe1+ 67. Kh2 Qeh1# 0-1

[Event "December 12 Late 2023"]
[Site "https://www.chess.com"]
[Date "2023.12.12"]
[Round "1"]
[White "Zampronha, Wladimir Camilo"]
[Black "Wafa, Hamed"]
[Result "0-1"]
[Board "82"]
[TimeControl "180+1"]
[WhiteFideId "2103087"]
[BlackFideId "10628452"]
[WhiteElo "2364"]
[BlackElo "2704"]
[WhiteTeam "BRA"]
[BlackTeam "EGY"]
[WhiteClock "0:00:15"]
[BlackClock "0:00:19"]

1. e4 g6 2. d4 Bg7 3. Nc3 c6 4. Nf3 d5 5. h3 dxe4 6. Nxe4 Nf6 7. Nxf6+ exf6 8. Bc4 O-O 9. O-O a5 10. a4 Nd7 11. Re1 Nb6 12. Bb3 Nd5 13. c3 Bf5 14. Bc2 Bxc2 15. Qxc2 Qd6 16. Bd2 Rfe8 17. Qd3 f5 18. Rxe8+ Rxe8 19. Re1 Rxe1+ 20. Nxe1 Qe6 21. Nf3 Nb6 22. Ng5 Qe7 23. Qc2 Qe2 24. Nf3 Nc4 25. b3 Nd6 26. Qc1 Ne4 27. Qe1 Qd3 28. Qe3 Qb1+ 29. Kh2 Qxb3 30. Ng5 Qd5 31. Nxe4 Qxe4 32. Qg3 Qe8 33. Qc7 Bf8 34. Qxa5 Bd6+ 35. g3 h5 36. Qb6 h4 37. Bf4 hxg3+ 38. Bxg3 f4 39. Bh4 g5 40. Bxg5 f3+ 41. Kg1 Qe1# 0-1

[Event "December 12 Late 2023"]
[Site "https://www.chess.com"]
[Date "2023.12.12"]
[Round "1"]
[White "Cieslak, Patryk"]
[Black "Rian, Kapriaga"]
[Result "1-0"]
[Board "83"]
[TimeControl "180+1"]
[WhiteFideId "21078882"]
[BlackFideId "7103263"]
[WhiteElo "2704"]
[BlackElo "2363"]
[WhiteTeam "POL"]
[BlackTeam "INA"]
[WhiteClock "0:00:44"]
[BlackClock "0:00:01"]

1. Nf3 d5 2. e3 Nf6 3. c4 e6 4. b3 Be7 5. Bb2 O-O 6. Be2 a5 7. a3 Nc6 8. O-O b6 9. Qc2 Bb7 10. Nc3 d4 11. Nb5 dxe3 12. dxe3 Qc8 13. h3 Na7 14. Rfd1 Nxb5 15. cxb5 c5 16. Ne5 Qc7 17. Nc4 Bd5 18. Be5 Qb7 19. f3 Rfd8 20. Rac1 Rd7 21. Nd2 Qc8 22. e4 Bb7 23. Nc4 Bd8 24. Nd6 Rxd6 25. Bxd6 Ne8 26. Be5 Bf6 27. Bxf6 Nxf6 28. Qd2 g6 29. Qd6 Rb8 30. b4 axb4 31. axb4 Ba8 32. bxc5 bxc5 33. Qxc5 Qe8 34. Qd4 Qe7 35. Qd6 Qe8 36. b6 Nh5 37. Bb5 Qf8 38. Qxf8+ Kxf8 39. Rd6 Ke7 40. Rd7+ Kf6 41. Rcc7 Rxb6 42. Rxf7+ Kg5 43. Rc5+ Kh4 44. Kh2 Bc6 45. Rxh7 Rxb5 46. g3# 1-0

[Event "December 12 Late 2023"]
[Site "https://www.chess.com"]
[Date "2023.12.12"]
[Round "1"]
[White "Nita, Lucian"]
[Black "Dyachuk, Artem"]
[Result "0-1"]
[Board "84"]
[TimeControl "180+1"]
[WhiteFideId "1206923"]
[BlackFideId "34107924"]
[WhiteElo "2362"]
[BlackElo "2699"]
[WhiteTeam "ROU"]
[BlackTeam "UKR"]
[WhiteClock "0:00:49"]
[BlackClock "0:00:47"]

1. e4 e5 2. Nf3 Nc6 3. Bb5 a6 4. Bxc6 dxc6 5. Nxe5 Qd4 6. Nf3 Qxe4+ 7. Qe2 Qxe2+ 8. Kxe2 Nf6 9. d3 Bd6 10. Re1 O-O 11. h3 c5 12. Bg5 Nd5 13. a3 h6 14. Bd2 Bd7 15. Nc3 Nf6 16. Ne4 Nxe4 17. dxe4 Bc6 18. Kf1 Rad8 19. Bc3 Rfe8 20. e5 Bf8 21. Rad1 Ba4 22. b3 Bb5+ 23. Kg1 c4 24. b4 Ba4 25. Rxd8 Rxd8 26. Re2 Rd1+ 27. Kh2 c5 28. Kg3 b5 29. Kf4 Rb1 30. Ke4 cxb4 31. axb4 Bxb4 32. Bxb4 Rxb4 33. Kd4 Rb1 34. c3 Rd1+ 35. Rd2 Rc1 36. g4 b4 37. Kxc4 bxc3 38. Rd8+ Kh7 39. Nd4 c2 40. Ra8 Ra1 41. Nxc2 Bxc2 42. f4 Ra3 43. f5 Rxh3 44. e6 fxe6 45. fxe6 Bb3+ 46. Kd4 Bxe6 47. Rxa6 Bxg4 0-1

[Event "December 12 Late 2023"]
[Site "https://www.chess.com"]
[Date "2023.12.12"]
[Round "1"]
[White "Martinez Ramirez, Lennis"]
[Black "Gruzman, Ilya"]
[Result "1-0"]
[Board "85"]
[TimeControl "180+1"]
[WhiteFideId "3509079"]
[BlackFideId "2812703"]
[WhiteElo "2699"]
[BlackElo "2362"]
[WhiteTeam "CUB"]
[BlackTeam "ISR"]
[WhiteClock "0:01:30"]
[BlackClock "0:00:14"]

1. d4 Nf6 2. Nf3 g6 3. Bg5 Bg7 4. Nc3 d5 5. Qd2 O-O 6. Bh6 c5 7. Bxg7 Kxg7 8. e3 cxd4 9. exd4 Nc6 10. h3 Bf5 11. Bd3 Ne4 12. Bxe4 dxe4 13. Nh4 Nxd4 14. O-O-O e5 15. Nxf5+ gxf5 16. g4 Qf6 17. gxf5 Qxf5 18. Rhg1+ Kh8 19. Qe3 Nf3 20. Rg4 Rad8 21. Rh1 h5 22. Qh6+ Qh7 23. Qf6+ Qg7 24. Qxg7# 1-0

[Event "December 12 Late 2023"]
[Site "https://www.chess.com"]
[Date "2023.12.12"]
[Round "1"]
[White "Stark, John"]
[Black "Aldokhin, Ivan"]
[Result "0-1"]
[Board "86"]
[TimeControl "180+1"]
[WhiteFideId "4300963"]
[BlackFideId "24115720"]
[WhiteElo "2358"]
[BlackElo "2693"]
[WhiteTeam "NZL"]
[BlackTeam "RUS"]
[WhiteClock "0:02:20"]
[BlackClock "0:01:53"]

1. c4 Nf6 2. g3 g6 3. Bg2 Bg7 4. Nc3 O-O 5. e3 d6 6. Nge2 e5 7. d4 Nc6 8. O-O Bf5 9. e4 Bd7 10. d5 Ne7 11. f4 Ne8 12. fxe5 Bxe5 13. Bh6 Ng7 14. Qd2 f5 15. exf5 Nexf5 16. Bg5 Qe8 17. Kh1 Rf7 18. Rae1 Qf8 19. Ne4 Re8 20. N2c3 0-1

[Event "December 12 Late 2023"]
[Site "https://www.chess.com"]
[Date "2023.12.12"]
[Round "1"]
[White "Rosen, Eric"]
[Black "Bernat, David"]
[Result "1-0"]
[Board "87"]
[TimeControl "180+1"]
[WhiteFideId "2032562"]
[BlackFideId "2099225"]
[WhiteElo "2690"]
[BlackElo "2350"]
[WhiteTeam "USA"]
[BlackTeam "USA"]
[WhiteClock "0:00:04"]
[BlackClock "0:00:00"]

1. e4 c5 2. Nc3 g6 3. h4 h6 4. d4 cxd4 5. Qxd4 Nf6 6. Bb5 a6 7. e5 Bg7 8. Qa4 Nh7 9. h5 g5 10. f4 gxf4 11. Bxf4 Nc6 12. Nf3 Nf8 13. O-O-O Ne6 14. Bxc6 bxc6 15. Be3 Rb8 16. Ne4 Qc7 17. Rhe1 c5 18. Nc3 Bb7 19. Bf2 Qc6 20. Qg4 Bc8 21. Nd2 Rb4 22. Re4 Qb7 23. Nc4 O-O 24. Qg3 Kh7 25. Qd3 Kh8 26. Nd5 Nc7 27. Nxb4 cxb4 28. Bd4 Ne6 29. Rg4 Qc6 30. Ne3 a5 31. Nf5 Ba6 32. Qg3 Rc8 33. Rd2 Nxd4 34. Nxd4 Qc4 35. Rxg7 Qf1+ 36. Rd1 Qc4 37. Rxf7 Rg8 38. Qe3 1-0

[Event "December 12 Late 2023"]
[Site "https://www.chess.com"]
[Date "2023.12.12"]
[Round "1"]
[White "Storn, Justin"]
[Black "Nagare Kaivalya Sandip"]
[Result "1-0"]
[Board "88"]
[TimeControl "180+1"]
[WhiteFideId "30922720"]
[BlackFideId "25957929"]
[WhiteElo "2349"]
[BlackElo "2689"]
[WhiteTeam "USA"]
[BlackTeam "IND"]
[WhiteClock "0:00:21"]
[BlackClock "0:00:10"]

1. e4 e5 2. Nc3 Nf6 3. f4 d5 4. fxe5 Nxe4 5. Qf3 Nxc3 6. bxc3 Be7 7. d4 O-O 8. Bd3 c5 9. Ne2 Nc6 10. O-O cxd4 11. cxd4 Nb4 12. Bf5 Bxf5 13. Qxf5 Qc8 14. c3 Qxf5 15. Rxf5 Nd3 16. Bg5 Bxg5 17. Rxg5 Rac8 18. Rb1 Rfe8 19. Rg3 Nxe5 20. dxe5 Rxe5 21. Kf2 b6 22. Rd1 h5 23. Rgd3 Rc5 24. R1d2 Rf5+ 25. Ke1 Kf8 26. Nd4 Rf6 27. Re2 g6 28. Rde3 b5 29. Rb2 a6 30. Rb4 Rb6 31. a4 Rb7 32. axb5 axb5 33. Kd2 Ra7 34. Re2 Ra2+ 35. Kd3 Rxe2 36. Nxe2 Ke7 37. Nd4 Kd6 38. Rxb5 Rc8 39. Rb7 Rf8 40. h4 Ke5 41. Rb5 Kf4 42. Rxd5 Kg3 43. Re5 Kxg2 44. c4 Kg3 45. Re4 f5 46. Ne2+ Kh3 47. Rd4 g5 48. hxg5 h4 49. c5 Rh8 50. c6 Kg2 51. c7 h3 52. Nf4+ Kg3 53. Nxh3 Kxh3 54. Rd8 1-0

[Event "December 12 Late 2023"]
[Site "https://www.chess.com"]
[Date "2023.12.12"]
[Round "1"]
[White "Brodowski, Piotr"]
[Black "Ward, Ieuan C"]
[Result "1-0"]
[Board "89"]
[TimeControl "180+1"]
[WhiteFideId "1124480"]
[BlackFideId "406627"]
[WhiteElo "2687"]
[BlackElo "2346"]
[WhiteTeam "POL"]
[BlackTeam "ENG"]
[WhiteClock "0:00:22"]
[BlackClock "0:00:03"]

1. e4 c5 2. Nf3 d6 3. Bc4 Nf6 4. d3 e6 5. O-O Nc6 6. Re1 Be7 7. Nc3 a6 8. Bg5 O-O 9. a4 Qc7 10. h3 Rb8 11. Qd2 Re8 12. Rad1 Bd7 13. Ba2 Nb4 14. Bb1 b5 15. axb5 axb5 16. Ne2 Nc6 17. Ng3 b4 18. c3 bxc3 19. bxc3 Ne5 20. Nxe5 dxe5 21. Ba2 Red8 22. Qc2 Qa5 23. Nf1 Ba4 24. Qe2 Bxd1 25. Rxd1 Qa3 26. Bc4 Qxc3 27. Bd2 Qb2 28. Ne3 Rd4 29. Qe1 h6 30. Bc3 Qa3 31. Ra1 Qxa1 32. Qxa1 Rdd8 33. Bxe5 Ra8 34. Qb2 Ne8 35. g3 Bf8 36. Kg2 Nd6 37. Ng4 Nxc4 38. dxc4 Rd3 39. Bf4 Rad8 40. Be3 Rd1 41. Ne5 Be7 42. Nc6 Bf6 43. e5 Rc8 44. Na7 Rc6 45. Nxc6 1-0

[Event "December 12 Late 2023"]
[Site "https://www.chess.com"]
[Date "2023.12.12"]
[Round "1"]
[White "Gerbelli Neto, Eduardo"]
[Black "Nasuta, Grzegorz"]
[Result "0-1"]
[Board "90"]
[TimeControl "180+1"]
[WhiteFideId "2103281"]
[BlackFideId "1141686"]
[WhiteElo "2340"]
[BlackElo "2680"]
[WhiteTeam "BRA"]
[BlackTeam "POL"]
[WhiteClock "0:00:05"]
[BlackClock "0:00:07"]

1. e4 c5 2. Nc3 a6 3. f4 b5 4. g3 Bb7 5. Bg2 e6 6. d3 d5 7. Qe2 b4 8. Nd1 Nf6 9. e5 Nfd7 10. Nf3 Nc6 11. O-O g6 12. c3 Qb6 13. Be3 Be7 14. Nf2 a5 15. c4 d4 16. Bd2 a4 17. Ne4 a3 18. b3 O-O-O 19. Nfg5 Rdf8 20. g4 h5 21. h3 hxg4 22. hxg4 Kb8 23. Kf2 Rh2 24. Rh1 Rxg2+ 25. Kxg2 Bxg5 26. fxg5 Ncxe5 27. Bf4 Ka7 28. Rh7 Qc6 29. Kg3 Ka6 30. Rah1 Nxd3 31. Qxd3 e5 32. Bc1 Qxe4 33. Qxe4 Bxe4 34. Rf1 Bb1 35. Rfxf7 Rxf7 36. Rxf7 Nb6 37. Rf6 Bxa2 38. Rxg6 Bxb3 39. Rc6 Bc2 40. g6 a2 41. Bb2 Kb7 42. Rxc5 Bxg6 43. Rxe5 d3 44. Re6 d2 45. Re7+ Kc6 46. Re6+ Kc5 0-1